TOP OF THE 1ST |
St. Louis Cardinals batting - Pitching for Houston Astros : LHP George H Stone
|
Pitching: LHP George H Stone
|
|
Batting: SHB Billy E Smith
|
0-0: Called Strike 0-1: Ball 1-1: Foul Ball, location: 2F 1-2: Strikes out swinging
|
Batting: RHB Pascual D'Annunzio
|
0-0: Reached on error, E8 (Flyball, 89M, EV 90.0 MPH)
|
Batting: RHB Sixto Lezcano
|
0-0: Called Strike 0-1: SINGLE (Line Drive, 8RS, EV 103.1 MPH) Pascual D'Annunzio to second Runner from 2nd tries for 3rd, SAFE, throw by CF made to third
|
Batting: RHB Bob Watson
|
0-0: Ball 1-0: Called Strike 1-1: Ball 2-1: Foul Ball, location: 2F 2-2: Ball 3-2: Foul Ball, location: 2F 3-2: Fly out, F4 (Popup, 34, EV 80.0 MPH)
|
Batting: LHB Mike Davis
|
0-0: Swinging Strike 0-1: Ground out 4-3 (Groundball, 34, EV 82.5 MPH)
|
Top of the 1st over - 0 runs, 1 hit, 1 error, 2 left on base; St. Louis 0 - Houston 0 |
BOTTOM OF THE 1ST |
Houston Astros batting - Pitching for St. Louis Cardinals : RHP John D'Acquisto
|
Pitching: RHP John D'Acquisto
|
|
Batting: SHB Tom Herr
|
0-0: Foul Ball, location: 2F 0-1: Called Strike 0-2: Ball 1-2: Foul Ball, location: 2F 1-2: Ball 2-2: Fly out, F7 (Flyball, 78D, EV 102.5 MPH)
|
Batting: RHB John Castino
|
0-0: Ball 1-0: Foul Ball, location: 2F 1-1: Fly out, F3 (Popup, 3SF, EV 70.6 MPH)
|
Batting: RHB Zail Smith
|
0-0: Ball 1-0: Foul Ball, location: 2F 1-1: Fly out, F7 (Flyball, 7, EV 92.5 MPH)
|
Bottom of the 1st over - 0 runs, 0 hits, 0 errors, 0 left on base; St. Louis 0 - Houston 0 |
TOP OF THE 2ND |
St. Louis Cardinals batting - Pitching for Houston Astros : LHP George H Stone
|
Batting: RHB Craig Stimac
|
0-0: Foul Ball, location: 2F 0-1: Called Strike 0-2: Ball 1-2: Ball 2-2: Fly out, F2 (Popup, 3SF, EV 81.3 MPH)
|
Batting: LHB Jim Adduci
|
0-0: Called Strike 0-1: Foul Ball, location: 2F 0-2: Strikes out swinging
|
Batting: RHB Onix Concepcion
|
0-0: Called Strike 0-1: Ball 1-1: SINGLE (Groundball, 3S, EV 68.8 MPH) (infield hit)
|
Batting: RHB John D'Acquisto
|
0-0: Swinging Strike 0-1: Ball 1-1: Ball 2-1: Foul Ball, location: 2F 2-2: Strikes out swinging
|
Top of the 2nd over - 0 runs, 1 hit, 0 errors, 1 left on base; St. Louis 0 - Houston 0 |
BOTTOM OF THE 2ND |
Houston Astros batting - Pitching for St. Louis Cardinals : RHP John D'Acquisto
|
Batting: SHB Christopher Clark
|
0-0: Foul Ball, location: 2F 0-1: SINGLE (Groundball, 34D, EV 95.0 MPH)
|
Batting: LHB George Vukovich
|
0-0: Ball 1-0: Foul Ball, location: 2F 1-1: DOUBLE (Line Drive, 78D, EV 114.4 MPH) Christopher Clark to third Runner from 3rd tries for Home, SAFE, no throw by CF
|
Batting: LHB Jerry Narron
|
0-0: Called Strike 0-1: Fly out, F4 (Popup, 34, EV 71.9 MPH)
|
Batting: RHB Dave Valle
|
0-0: Called Strike George Vukovich steals 3rd, throwing error, E2 George Vukovich scores 0-1: SINGLE (Line Drive, 4D, EV 98.8 MPH)
|
Batting: RHB Ricky Adams
|
0-0: Ball Wild Pitch! Dave Valle to second 1-0: Ball Wild Pitch! Dave Valle to third 2-0: Ground out 1-3 (Groundball, 15S, EV 68.1 MPH)
|
Batting: LHB George H Stone
|
0-0: Ball 1-0: Ball 2-0: Ball 3-0: Called Strike 3-1: Base on Balls
|
Batting: SHB Tom Herr
|
0-0: Ball 1-0: Fly out, F6 (Flyball, 56D, EV 79.4 MPH)
|
Bottom of the 2nd over - 2 runs, 3 hits, 1 error, 2 left on base; St. Louis 0 - Houston 2 |
TOP OF THE 3RD |
St. Louis Cardinals batting - Pitching for Houston Astros : LHP George H Stone
|
Batting: SHB Billy E Smith
|
0-0: Foul Ball, location: 2F 0-1: Swinging Strike 0-2: Ball 1-2: Strikes out swinging
|
Batting: RHB Pascual D'Annunzio
|
0-0: Swinging Strike 0-1: Ball 1-1: Called Strike 1-2: Foul Ball, location: 2F 1-2: SINGLE (Line Drive, 9S, EV 102.5 MPH)
|
Batting: RHB Sixto Lezcano
|
0-0: Ball 1-0: Swinging Strike 1-1: Ball 2-1: Swinging Strike 2-2: Fly out, F9 (Flyball, 89S, EV 98.8 MPH)
|
Batting: RHB Bob Watson
|
0-0: Called Strike 0-1: Ball 1-1: Foul Ball, location: 2F 1-2: Ball 2-2: Ball Pascual D'Annunzio steals 2nd base (no throw) 3-2: Fly out, F7 (Flyball, 7S, EV 92.5 MPH)
|
Top of the 3rd over - 0 runs, 1 hit, 0 errors, 1 left on base; St. Louis 0 - Houston 2 |
BOTTOM OF THE 3RD |
Houston Astros batting - Pitching for St. Louis Cardinals : RHP John D'Acquisto
|
Batting: RHB John Castino
|
0-0: Called Strike 0-1: Ball 1-1: Ball 2-1: Swinging Strike 2-2: SINGLE (Groundball, 4M, EV 105.6 MPH) (infield hit)
|
Batting: RHB Zail Smith
|
0-0: Fly out, F7 (Flyball, 7LS, EV 89.4 MPH)
|
Batting: SHB Christopher Clark
|
0-0: Called Strike 0-1: Ball John Castino steals 2nd base 1-1: Ground out 4-3 (Groundball, 4S, EV 64.4 MPH) John Castino to third
|
Batting: LHB George Vukovich
|
0-0: Fly out, F7 (Line Drive, 7S, EV 111.3 MPH)
|
Bottom of the 3rd over - 0 runs, 1 hit, 0 errors, 1 left on base; St. Louis 0 - Houston 2 |
TOP OF THE 4TH |
St. Louis Cardinals batting - Pitching for Houston Astros : LHP George H Stone
|
Batting: LHB Mike Davis
|
0-0: Ball 1-0: Ball 2-0: Called Strike 2-1: Ball 3-1: Fly out, F5 (Popup, 56, EV 81.9 MPH)
|
Batting: RHB Craig Stimac
|
0-0: Foul Ball, location: 2F 0-1: Ball 1-1: Ground out 5-3 (Groundball, 56, EV 96.3 MPH)
|
Batting: LHB Jim Adduci
|
0-0: Ball 1-0: Called Strike 1-1: Ball 2-1: Ball 3-1: Base on Balls
|
Batting: RHB Onix Concepcion
|
0-0: Called Strike 0-1: Ball 1-1: Ground out 4-3 (Groundball, 4, EV 83.1 MPH)
|
Top of the 4th over - 0 runs, 0 hits, 0 errors, 1 left on base; St. Louis 0 - Houston 2 |
BOTTOM OF THE 4TH |
Houston Astros batting - Pitching for St. Louis Cardinals : RHP John D'Acquisto
|
Batting: LHB Jerry Narron
|
0-0: Fly out, F9 (Flyball, 9, EV 85.6 MPH)
|
Batting: RHB Dave Valle
|
0-0: Called Strike 0-1: Foul Ball, location: 2F 0-2: Ball 1-2: Fly out, F4 (Popup, 23, EV 93.1 MPH)
|
Batting: RHB Ricky Adams
|
0-0: Ball 1-0: Ground out 1-3 (Groundball, 13S, EV 67.5 MPH)
|
Bottom of the 4th over - 0 runs, 0 hits, 0 errors, 0 left on base; St. Louis 0 - Houston 2 |
TOP OF THE 5TH |
St. Louis Cardinals batting - Pitching for Houston Astros : LHP George H Stone
|
Batting: RHB John D'Acquisto
|
0-0: Ball 1-0: Ball 2-0: Called Strike 2-1: Fly out, F8 (Flyball, 8RM, EV 92.5 MPH)
|
Pitching: RHP Freddy Guerrero
|
|
Batting: SHB Billy E Smith
|
0-0: Ball 1-0: Swinging Strike 1-1: Called Strike 1-2: Strikes out looking
|
Batting: RHB Pascual D'Annunzio
|
0-0: Ball 1-0: Called Strike 1-1: Foul Ball, location: 2F 1-2: Foul Ball, location: 2F 1-2: Ball 2-2: Ball 3-2: Foul Ball, location: 2F 3-2: Base on Balls
|
Batting: RHB Sixto Lezcano
|
0-0: Ball 1-0: Swinging Strike 1-1: Ball 2-1: Called Strike 2-2: Strikes out swinging
|
Top of the 5th over - 0 runs, 0 hits, 0 errors, 1 left on base; St. Louis 0 - Houston 2 |
BOTTOM OF THE 5TH |
Houston Astros batting - Pitching for St. Louis Cardinals : RHP John D'Acquisto
|
Batting: RHB Freddy Guerrero
|
0-0: Ground out 6-3 (Groundball, 6, EV 84.4 MPH)
|
Pitching: RHP David Melendez
|
|
Batting: SHB Tom Herr
|
0-0: Ground out 4-3 (Groundball, 4, EV 88.1 MPH)
|
Batting: RHB John Castino
|
0-0: Ball 1-0: Ball 2-0: Called Strike 2-1: Called Strike 2-2: Fly out, F8 (Flyball, 8RXD, EV 99.4 MPH)
|
Bottom of the 5th over - 0 runs, 0 hits, 0 errors, 0 left on base; St. Louis 0 - Houston 2 |
TOP OF THE 6TH |
St. Louis Cardinals batting - Pitching for Houston Astros : RHP Freddy Guerrero
|
Batting: RHB Bob Watson
|
0-0: Ball 1-0: Fly out, F7 (Line Drive, 7D, EV 91.3 MPH)
|
Batting: LHB Mike Davis
|
0-0: Called Strike 0-1: Ball 1-1: SINGLE (Groundball, 34S, EV 76.3 MPH) (infield hit)
|
Batting: RHB Craig Stimac
|
0-0: Ball 1-0: Called Strike 1-1: Called Strike 1-2: Foul Ball, location: 2F 1-2: Ball 2-2: Grounds into double play, 6-4-3 (Groundball, 6, EV 100.6 MPH)
|
Top of the 6th over - 0 runs, 1 hit, 0 errors, 0 left on base; St. Louis 0 - Houston 2 |
BOTTOM OF THE 6TH |
Houston Astros batting - Pitching for St. Louis Cardinals : RHP David Melendez
|
Batting: RHB Zail Smith
|
0-0: Called Strike 0-1: Ground out 5-3 (Groundball, 15, EV 81.3 MPH)
|
Batting: SHB Christopher Clark
|
0-0: Swinging Strike 0-1: Ball 1-1: Ball 2-1: Ball 3-1: SINGLE (Line Drive, 9S, EV 96.3 MPH)
|
Batting: LHB George Vukovich
|
0-0: Swinging Strike 0-1: Fly out, F6 (Popup, 56, EV 61.9 MPH)
|
Batting: LHB Jerry Narron
|
0-0: Fly out, F8 (Flyball, 89M, EV 80.6 MPH)
|
Bottom of the 6th over - 0 runs, 1 hit, 0 errors, 1 left on base; St. Louis 0 - Houston 2 |
TOP OF THE 7TH |
St. Louis Cardinals batting - Pitching for Houston Astros : RHP Freddy Guerrero
|
Batting: LHB Jim Adduci
|
0-0: Ball 1-0: Foul Ball, location: 2F 1-1: Ball 2-1: SINGLE (Groundball, 4D, EV 105.0 MPH)
|
Batting: RHB Onix Concepcion
|
0-0: Foul Ball, location: 2F 0-1: Ball 1-1: Fly out, F8 (Flyball, 8RS, EV 78.1 MPH)
|
Pinch Hitting: LHB Mark Hildebrand
|
0-0: Ball 1-0: Fly out, F2 (Popup, 2RF, EV 96.3 MPH)
|
Pinch Hitting: RHB Steve Lubratich
|
0-0: Ball 1-0: Ball 2-0: Foul Ball, location: 2F 2-1: Called Strike 2-2: Ball 3-2: Foul Ball, location: 2F 3-2: Base on Balls Jim Adduci to second
|
Pinch Hitting: RHB Mookie Wilson
|
0-0: Ball 1-0: Called Strike 1-1: Foul Ball, location: 2F 1-2: Ball 2-2: Ball 3-2: Foul Ball, location: 2F 3-2: SINGLE (Flyball, 5D, EV 98.8 MPH) Jim Adduci to third Steve Lubratich to second Jim Adduci scores Steve Lubratich to third
|
Pitching: RHP Ramon Molina
|
|
Pinch Hitting: SHB Otis Nixon
|
0-0: Ball 1-0: Ground out U3 (Groundball, 34S, EV 85.0 MPH)
|
Top of the 7th over - 1 run, 2 hits, 0 errors, 2 left on base; St. Louis 1 - Houston 2 |
BOTTOM OF THE 7TH |
Houston Astros batting - Pitching for St. Louis Cardinals : RHP David Melendez
|
Pitching: LHP Jeff Little
|
|
Now at 3B: Otis Nixon
|
|
Now at SS: Steve Lubratich
|
|
Now in LF: Mookie Wilson
|
|
Batting: RHB Dave Valle
|
0-0: Ball 1-0: Ball 2-0: Ball 3-0: Called Strike 3-1: Foul Ball, location: 2F 3-2: Strikes out swinging
|
Batting: RHB Ricky Adams
|
0-0: Swinging Strike 0-1: Swinging Strike 0-2: Ball 1-2: Ball 2-2: Strikes out swinging
|
Pinch Hitting: SHB Bill D Doran
|
0-0: Ball 1-0: Ball 2-0: Ball 3-0: Called Strike 3-1: Foul Ball, location: 2F 3-2: Base on Balls
|
Pinch Hitting: RHB Julio Franco
|
0-0: Ball 1-0: Called Strike 1-1: Ball 2-1: Ball 3-1: SINGLE (Flyball, 89S, EV 95.0 MPH) Bill D Doran to second Runner from 2nd tries for 3rd, SAFE, throw by RF made to third
|
Pinch Hitting: RHB Nick Esasky
|
0-0: Called Strike 0-1: Called Strike 0-2: Foul Ball, location: 2F 0-2: Ball 1-2: Strikes out swinging
|
Bottom of the 7th over - 0 runs, 1 hit, 0 errors, 2 left on base; St. Louis 1 - Houston 2 |
TOP OF THE 8TH |
St. Louis Cardinals batting - Pitching for Houston Astros : RHP Ramon Molina
|
Pitching: RHP Luis Aponte
|
|
Now at 3B: Nick Esasky
|
|
Now at SS: Julio Franco
|
|
Batting: RHB Bob Watson
|
0-0: Ground out 4-3 (Groundball, 34, EV 89.4 MPH)
|
Pinch Hitting: SHB Paul Householder
|
0-0: Foul Ball, location: 2F 0-1: Called Strike 0-2: Ball 1-2: Ball 2-2: Ground out 6-3 (Groundball, 56, EV 104.4 MPH)
|
Pinch Hitting: RHB Victor Rios
|
0-0: Ball 1-0: Called Strike 1-1: Ball 2-1: Ball 3-1: Called Strike 3-2: Fly out, F7 (Line Drive, 7, EV 86.9 MPH)
|
Top of the 8th over - 0 runs, 0 hits, 0 errors, 0 left on base; St. Louis 1 - Houston 2 |
BOTTOM OF THE 8TH |
Houston Astros batting - Pitching for St. Louis Cardinals : LHP Jeff Little
|
Now at 1B: Victor Rios
|
|
Now in RF: Paul Householder
|
|
Pinch Hitting: RHB Mickey Hatcher
|
0-0: Swinging Strike 0-1: Ball 1-1: Fly out, F8 (Line Drive, 8RM, EV 88.1 MPH)
|
Pinch Hitting: LHB Steve Kemp
|
0-0: Called Strike 0-1: Ball 1-1: Swinging Strike 1-2: Ball 2-2: Foul Ball, location: 2F 2-2: Foul Ball, location: 2F 2-2: Foul Ball, location: 2F 2-2: Fly out, F9 (Line Drive, 9D, EV 85.6 MPH)
|
Pitching: RHP Larry Andersen
|
|
Batting: LHB George Vukovich
|
0-0: SINGLE (Groundball, 25, EV 72.5 MPH) (infield hit)
|
Batting: LHB Jerry Narron
|
0-0: Ball 1-0: Foul Ball, location: 2F 1-1: Fly out, F6 (Popup, 4M, EV 74.4 MPH)
|
Bottom of the 8th over - 0 runs, 1 hit, 0 errors, 1 left on base; St. Louis 1 - Houston 2 |
TOP OF THE 9TH |
St. Louis Cardinals batting - Pitching for Houston Astros : RHP Luis Aponte
|
Now in LF: Mickey Hatcher
|
|
Now in RF: Steve Kemp
|
|
Pinch Hitting: LHB Pat Putnam
|
0-0: Foul Ball, location: 2F 0-1: Foul Ball, location: 2F 0-2: Ball 1-2: Ball 2-2: Ground out 5-3 (Groundball, 6, EV 103.1 MPH)
|
Pinch Hitting: LHB Jim Gantner
|
0-0: Fly out, F8 (Line Drive, 8RM, EV 98.1 MPH)
|
Pinch Hitting: RHB Joe Torre
|
0-0: Called Strike 0-1: Ball 1-1: Foul Ball, location: 2F 1-2: Ground out 5-3 (Groundball, 5, EV 87.5 MPH)
|
Top of the 9th over - 0 runs, 0 hits, 0 errors, 0 left on base; St. Louis 1 - Houston 2 |
|